 Dungeon Crawl Stone Soup version 0.32-a0-433-g08bcfe7efd (webtiles) character file.

Game seed: 10982816959078419272

1703 pokeman the Thaumaturge (level 8, -4/44 HPs)
             Began as a Deep Elf Hedge Wizard on Feb 23, 2024.
             Slain by a troll (10 damage)
             ... on level 6 of the Dungeon.
             The game lasted 00:11:55 (5737 turns).

pokeman the Thaumaturge (Deep Elf Hedge Wizard)     Turns: 5737, Time: 00:11:56

Health: -4/44      AC:  5    Str:  7    XL:     8   Next: 73%
Magic:  15/24      EV: 13    Int: 22    God:
Gold:   214        SH:  0    Dex: 14    Spells: 16/27 levels left

rFire   . . .        p - +1 dagger (venom)
rCold   . . .        (no shield)
rNeg    . . .        b - +0 robe
rPois   .            o - +0 helmet
rElec   .            x - +0 cloak
rCorr   .            k - +0 pair of gloves
SInv    +            (no boots)
Will    .....        B - amulet of the acrobat
Stlth   +            e - ring of see invisible
HPRegen 0.27/turn    (no ring)
MPRegen 0.19/turn

%: acrobat
@: confused
A: no striking features
a: no special abilities


You were on level 6 of the Dungeon.
You visited 1 branch of the dungeon, and saw 6 of its levels.

You collected 214 gold pieces.

Inventory:

Hand Weapons
 p - a +1 dagger of venom (weapon)
Armour
 b - a +0 robe (worn)
 k - a +0 pair of gloves (worn)
 o - a +0 helmet (worn)
 r - a +1 ring mail of cold resistance
 x - a +0 cloak (worn)
Jewellery
 e - a ring of see invisible (left hand)
 B - an amulet of the acrobat (around neck)
Wands
 A - a wand of polymorph (6)
 C - a wand of flame (24)
Scrolls
 a - 2 scrolls of immolation {unknown}
 f - a scroll of enchant armour {unknown}
 i - 3 scrolls of fog {unknown}
 j - 3 scrolls of teleportation {unknown}
 l - 2 scrolls of enchant weapon {unknown}
 m - a scroll of fear {unknown}
 q - 4 scrolls of identify {unknown}
 s - a scroll of blinking {unknown}
 t - a scroll of noise {unknown}
 y - a scroll of amnesia {unknown}
Potions
 c - 2 potions of lignification {unknown}
 d - 2 potions of magic
 g - 2 potions of berserk rage {unknown}
 h - a potion of ambrosia {unknown}
 n - a potion of mutation {unknown}
 u - a potion of resistance {unknown}
 v - 2 potions of brilliance {unknown}
 w - a potion of haste {unknown}
 z - a potion of curing {unknown}


   Skills:
 - Level 2.0 Fighting
 + Level 2.3 Armour
 - Level 3.0 Dodging
 - Level 3.0 Stealth
 * Level 10.2 Spellcasting
 + Level 5.4 Conjurations
 - Level 1.1 Summonings
 - Level 1.1 Translocations
 + Level 3.9 Ice Magic
 - Level 2.2 Air Magic
 - Level 2.2 Alchemy
 - Level 1.0 Evocations


You had 16 spell levels left.
You knew the following spells:

 Your Spells              Type           Power      Damage    Failure   Level
a - Magic Dart            Conj           100%       1d8       1%          1
b - Mephitic Cloud        Conj/Alch/Air  25%        N/A       4%          3
c - Call Imp              Summ           32%        N/A       5%          2
d - Blink                 Tloc           32%        N/A       5%          2
e - Summon Ice Beast      Ice/Summ       22%        N/A       6%          3

Your spell library contained the following spells:

 Spells                   Type           Power      Damage    Failure   Level
 Cigotuvi's Dreadful Rot  Necr/Alch/Air  34%        N/A       4%          2
 Slow                     Hex            44%        N/A       6%          1
 Summon Mana Viper        Hex/Summ       13%        N/A       78%         5
 Monstrous Menagerie      Summ           8%         N/A       100%        7


Dungeon Overview and Level Annotations

Branches:
Dungeon (6/15)
 Temple: D:4-7

Altars:
Elyvilon
Trog
The Shining One

Shops:
D:1 ?

Annotations:
D:2 Gold behind rock
D:3 Gold on island


Message History

The troll is lightly wounded.
You hear a croak.
The troll is engulfed in noxious fumes.
Unknown command.
Casting: Mephitic Cloud (dangerous; 4% risk of failure)
Confirm with . or Enter, or press ? or * to list all spells.
You blink.
You are engulfed in noxious fumes.
You choke on the stench!
You are confused.
Unknown command.
You're too confused to move!
You are engulfed in noxious fumes.
You choke on the stench!
You are more confused.
The troll bites you! The troll claws you but does no damage.
The troll claws you.
Unknown command.
Unknown command.
You miss the troll.
The troll is engulfed in noxious fumes.
The troll misses you. The troll barely misses you. The troll claws you!
You are engulfed in noxious fumes.
You choke on the stench!
You are more confused.
The troll is engulfed in noxious fumes.
The troll appears confused.
The troll looks very confused.
You're too confused to move!
You are engulfed in noxious fumes.
You feel ready to blink again.
The troll is engulfed in noxious fumes.
The troll appears confused.
The troll barely misses you. The troll closely misses you.
The troll barely misses you.
The troll bites itself!
The troll claws itself! x2
You are engulfed in noxious fumes.
You choke on the stench!
You are more confused.
The troll bites you!
* * * LOW HITPOINT WARNING * * *
The troll claws you.
* * * LOW HITPOINT WARNING * * *
The troll completely misses you.
Your magical contamination has completely faded away.
Unknown command.
You bump into the rock wall.
The troll misses you. The troll claws you.
* * * LOW HITPOINT WARNING * * *
The troll claws you!
You die...

######...... ######
##.#......... #.#...##
#..........ß. ##......#
#............ #.......#
##...........
##.....ß####............
........#...............
.....ß.ß#..#.#..........
#..@°..###..........
#ß.ßT..##...........
#....○.#....###.....
#ß..#........ ###...
#.....###..#.#.###....
......... .## #......##
..#.##......#####....###
.... ####...##.#..#...##
#.#. .........##.....


You could see a troll (confused).

Vanquished Creatures
  A troll (D:5)
  Eustachio (D:4)
  Menkaure (D:4)
  A water moccasin (D:5)
  An ice beast (D:5)
  An ogre (D:5)
  A phantom (D:6)
  2 scorpions
  A jelly (D:5)
  A sleepcap (D:5)
  Ijyb (D:5)
  3 iguanas
  2 orc wizards
  5 adders
  2 ufetubi (D:6)
  3 dart slugs (D:3)
  3 ribbon worms
  7 orcs
  8 endoplasms
  4 giant cockroaches
  5 goblins
  3 hobgoblins
  3 jackals (D:4)
  5 quokkas
  7 ball pythons
  7 bats
  2 frilled lizards (D:2)
  6 kobolds
  8 rats
95 creatures vanquished.

Vanquished Creatures (collateral kills)
  A water moccasin (D:6)
  An ice beast (D:6)
  A black bear (D:6)
  A hound (D:6)
  2 iguanas (D:6)
  An adder (D:6)
  A white imp (D:6)
  2 orcs (D:6)
10 creatures vanquished.

Grand Total: 105 creatures vanquished

Notes
Turn   | Place    | Note
-------+----------+-------------------------------------------
     0 | D:1      | pokeman the Deep Elf Hedge Wizard began the quest for the
                  | Orb.
     0 | D:1      | Reached XP level 1. HP: 10/10 MP: 7/7
   229 | D:1      | Reached XP level 2. HP: 11/16 MP: 6/9
   439 | D:1      | Found Bawkuil's Magic Scroll Shoppe.
   764 | D:1      | Reached skill level 5 in Spellcasting
  1024 | D:1      | Reached XP level 3. HP: 20/20 MP: 9/11
  1028 | D:1      | Learned a level 3 spell: Mephitic Cloud
  1031 | D:1      | Learned a level 2 spell: Call Imp
  1034 | D:1      | Learned a level 2 spell: Blink
  1484 | D:2      | Reached skill level 1 in Fighting
  1484 | D:2      | Reached skill level 1 in Armour
  1629 | D:2      | Found a faded altar of an unknown god.
  2178 | D:3      | Reached XP level 4. HP: 4/25 MP: 3/13
  2696 | D:3      | Found a glowing golden altar of the Shining One.
  2856 | D:4      | Found a transporter.
  2859 | D:4      | Found a white marble altar of Elyvilon.
  3166 | D:4      | Found a transporter.
  3219 | D:4      | Noticed Eustachio
  3236 | D:4      | Killed Eustachio
  3237 | D:4      | Reached skill level 6 in Spellcasting
  3237 | D:4      | Reached skill level 1 in Air Magic
  3237 | D:4      | Reached skill level 1 in Alchemy
  3237 | D:4      | Reached XP level 5. HP: 29/29 MP: 10/16
  3237 | D:4      | Reached XP level 6. HP: 34/34 MP: 10/17
  3317 | D:4      | Learned a level 3 spell: Summon Ice Beast
  3432 | D:4      | Noticed Menkaure
  3439 | D:4      | Killed Menkaure
  3440 | D:4      | Reached skill level 7 in Spellcasting
  3741 | D:5      | Entered Level 5 of the Dungeon
  3899 | D:5      | Reached XP level 7. HP: 38/38 MP: 12/20
  3972 | D:5      | Reached skill level 1 in Ice Magic
  3972 | D:5      | Noticed a troll
  3990 | D:5      | Killed a troll
  3991 | D:5      | Reached skill level 8 in Spellcasting
  4488 | D:5      | Noticed Ijyb
  4502 | D:5      | Killed Ijyb
  4637 | D:5      | Reached XP level 8. HP: 29/44 MP: 17/22
  4712 | D:5      | Reached skill level 9 in Spellcasting
  4712 | D:5      | Reached skill level 1 in Evocations
  5050 | D:6      | Reached skill level 5 in Conjurations
  5257 | D:6      | Found a bloodstained altar of Trog.
  5400 | D:6      | Reached skill level 10 in Spellcasting
  5722 | D:6      | Noticed a troll
  5737 | D:6      | Slain by a troll

Illustrated notes

Levels and vault maps discovered:
D:1:      dpeg_arrival_subterranean_lakeside_camping, layout_basic,
          serial_shops, shop
D:2:      layout_basic, serial_forest, infiniplex_forest_clump_double,
          infiniplex_forest_lined_room_, infiniplex_forest_clump_C,
          infiniplex_forest_lined_room_3, infiniplex_forest_lined_4_way,
          infiniplex_forest_clump_curved, hellmonk_ecumenical_altar_run_dry,
          minmay_surrounded
D:3:      layout_basic, mainiacjoe_overflow_brackets,
          corexii_item_surrounded_by_moat
D:4:      layout_cave_pools, elyvilon_altar_4, uniq_menkaure, uniq_eustachio
D:5:      kennysheep_spiral_hall, layout_basic, minivault_27,
          kennysheep_generic_room_12, uniq_ijyb
D:6:      layout_cave_pools, mainiacjoe_overflow_catwalk_spiral,
          minmay_temple_entry_glass, serial_column_ruins,
          column_ruins_open_small, column_ruins_columns_corner,
          column_ruins_corridor_straight, column_ruins_columns_dead_end,
          column_ruins_columns_corner, column_ruins_corridor_corner

Skill      XL: |  1  2  3  4  5  6  7  8 |
---------------+-------------------------+-----
Spellcasting   | 5 6 7 8 10 | 10.2
Fighting       | 1 2 |  2.0
Armour         | 1 2 |  2.3
Conjurations   | 2 3 4 5 |  5.4
Stealth        | 3 |  3.0
Dodging        | 3 |  3.0
Air Magic      | 1 2 |  2.2
Alchemy        | 1 2 |  2.2
Ice Magic      | 2 3 |  3.9
Evocations     | 1 |  1.0
Summonings     | |  1.1
Translocations | |  1.1

Action                     |  1- 3 |  4- 6 |  7- 9 || total
---------------------------+-------+-------+-------++-------
  Melee: Dagger            |    15 |    25 |    61 ||   101
   Cast: Magic Dart        |   106 |    80 |    66 ||   252
         Mephitic Cloud    |     1 |     3 |    12 ||    16
         Blink             |     1 |     1 |     5 ||     7
         Summon Ice Beast  |       |     2 |    11 ||    13
   Stab: Sleeping          |     2 |       |       ||     2
         Confused          |       |     3 |     5 ||     8
         Distracted        |       |     1 |       ||     1
 Armour: Robe              |    17 |    10 |    52 ||    79
  Dodge: Dodged            |    15 |    17 |    56 ||    88

Table legend: (Time is in decaauts)
 A = Elapsed time spent in this place.
 B = Non-inter-level travel time spent in this place.
 C = Inter-level travel time spent in this place.
 D = Time resting spent in this place.
 E = Time spent auto-exploring this place.
 F = Levels seen in this place.
 G = Mean time per level.
                   A        B        C        D        E       F      G
               +--------+--------+--------+--------+--------+-----+--------+
         Total |   5747 |   5463 |    284 |    260 |   4391 |   6 |  957.8 |
       Dungeon |   5747 |   5463 |    284 |    260 |   4391 |   6 |  957.8 |
               +--------+--------+--------+--------+--------+-----+--------+

Top non-repeatable levels by time:
     D:5: 1521 daAuts
     D:1: 1184 daAuts
     D:2: 986 daAuts
     D:4: 899 daAuts
     D:3: 678 daAuts
     D:6: 477 daAuts
